 Dungeon Crawl Stone Soup version 0.18-a0-1637-g109f206 (webtiles) character file.

3753 sugabear the Ducker (level 10, -1/53 HPs)
             Began as a Vine Stalker Gladiator on Mar 26, 2016.
             Was an Initiate of Qazlal.
             Slain by a seven-headed hydra (2 damage)
             ... on level 8 of the Dungeon.
             The game lasted 00:12:11 (6076 turns).

sugabear the Ducker (Vine Stalker Gladiator)        Turns: 6076, Time: 00:12:12

Health: -1/53      AC:  7    Str: 29      XL:     10   Next: 15%
Magic:  0/11       EV: 16    Int:  8      God:    Qazlal [......]
Gold:   347        SH:  0    Dex: 14 (15) Spells: 0 memorised, 9 levels left

rFire  . . .     SeeInvis +     O - +0 great mace
rCold  + . .     Gourm    .     t - +0 leather armour of Abstinence {rC+ Str+3} (curse)
rNeg   . . .     Faith    .     (shield currently unavailable)
rPois  .         Spirit   +     c - +0 helmet
rElec  .         Dismiss  .     u - +0 cloak
rCorr  .         Reflect  .     M - +0 pair of gloves
SustAt .         Harm     .     (no boots)
MR     +....                    (no amulet)
Stlth  +.........               (no ring)
                                q - +5 ring of strength

@: somewhat resistant to hostile enchantments, very unstealthy
A: fangs 3, see invisible, low mp 1, regeneration 2, screaming 1, evolution 1,
magic shield, antimagic bite, no device heal 3, rot immunity
a: Renounce Religion


You were on level 8 of the Dungeon.
You worshipped Qazlal.
Qazlal was noncommittal.
You were hungry.

You visited 2 branches of the dungeon, and saw 9 of its levels.

You collected 347 gold pieces.

Inventory:

Hand Weapons
 O - a +0 great mace (weapon)
 P - a +0 morningstar
Missiles
 d - a throwing net (quivered)
 B - 7 javelins
Armour
 b - a +0 leather armour
 c - a +0 helmet (worn)
 l - a +0 ring mail
 t - the cursed +0 leather armour of Abstinence (worn) {rC+ Str+3}
   (You found it on level 4 of the Dungeon)

   It affects your strength (+3).
   It protects you from cold.
   It has a curse placed upon it.
 u - a +0 cloak (worn)
 M - a +0 pair of gloves (worn)
Jewellery
 a - an uncursed ring of sustain attributes {unknown}
 q - a +5 ring of strength (left hand)
Wands
 A - a wand of random effects (23/48)
 G - a wand of flame (21/48)
 H - a wand of flame (26/48)
Scrolls
 e - 5 scrolls of identify {unknown}
 i - 2 scrolls of magic mapping {unknown}
 k - 2 scrolls of noise {unknown}
 n - a scroll of fear {unknown}
 r - 3 scrolls of remove curse {unknown}
 v - a scroll of enchant weapon {unknown}
 x - a scroll of blinking {unknown}
 y - 2 scrolls of enchant armour {unknown}
 C - a scroll of fog {unknown}
 F - 2 scrolls of holy word {unknown}
 K - a scroll of amnesia {unknown}
Potions
 g - 2 potions of might
 h - 6 potions of curing
 j - 2 potions of heal wounds {unknown}
 m - 2 potions of mutation {unknown}
 p - a potion of cure mutation {unknown}
 s - 2 potions of brilliance {unknown}
 z - a potion of haste {unknown}
 J - a potion of invisibility {unknown}
 L - a potion of degeneration {unknown}
Books
 I - a book of Necromancy

   Spells                             Type                      Level
   a - Pain                           Necromancy                   1
   b - Animate Skeleton               Necromancy                   1
   c - Vampiric Draining              Necromancy                   3
   d - Regeneration                   Charms/Necromancy            3
   e - Animate Dead                   Necromancy                   4
   f - Control Undead                 Necromancy                   4
 N - a book of Flames

   Spells                             Type                      Level
   a - Flame Tongue                   Conjuration/Fire             1
   b - Throw Flame                    Conjuration/Fire             2
   c - Conjure Flame                  Conjuration/Fire             3
   d - Inner Flame                    Hexes/Fire                   3
   e - Sticky Flame                   Conjuration/Fire             4
   f - Fireball                       Conjuration/Fire             5
Comestibles
 f - 5 bread rations
 o - 2 meat rations
 w - 3 slices of pizza
 D - 8 fruits
 E - 2 beef jerkies


   Skills:
 + Level 5.8 Fighting
 + Level 7.2 Maces & Flails
 + Level 2.5 Throwing
 + Level 4.2 Armour
 + Level 7.6 Dodging
 * Level 2.2 Invocations


You had 9 spell levels left.
You didn't know any spells.

Dungeon Overview and Level Annotations

Branches:
Dungeon (8/15)             Temple (1/1) D:7
   Lair: D:8-11

Altars:
Ashenzari
Elyvilon
Fedhas
Kikubaaqudgha
Makhleb
Nemelex Xobeh
Okawaru
Qazlal
Trog
Vehumet
Xom
Zin


Innate Abilities, Weirdness & Mutations

You have razor-sharp teeth.
You heal very quickly.
When hurt, damage is shared between your health and your magic reserves.
Your bite disrupts and absorbs the magic of your enemies.
Potions and wands cannot restore your health.
You are immune to rotting.
You have supernaturally acute eyesight.
Your magical capacity is low (-10% MP).
You occasionally shout uncontrollably at your foes.
You evolve.


Message History

You kill the quasit!
Qazlal accepts your kill.
The seven-headed hydra bites you but does no damage.
The seven-headed hydra bites you!
The seven-headed hydra bites you but does no damage.
The seven-headed hydra misses you. The seven-headed hydra bites you!
The seven-headed hydra misses you. The seven-headed hydra bites you.
You barely miss the seven-headed hydra. You bite the seven-headed hydra.
You drain its power.
You feel invigorated.
The seven-headed hydra is lightly wounded.
The seven-headed hydra closely misses you.
The seven-headed hydra bites you!
* * * LOW HITPOINT WARNING * * *
The seven-headed hydra barely misses you.
The seven-headed hydra misses you. The seven-headed hydra bites you!
* * * LOW HITPOINT WARNING * * *
The seven-headed hydra bites you!
* * * LOW HITPOINT WARNING * * *
The seven-headed hydra bites you.
You die...

....†..........#.####
#####†##.......#........#
#.##+##...##........#
#...........#.......
###.........#...... ..
###.........##...# ##.###
#...........##...# .......
#....).....D##...###........
#.....####.Z@.)........#.#..
#.....# #.###...###.#.....
####### #.# #.......#...###
#.# ##<..#........#.
######'########......###.
#.............#..........
#.......#####.#.......##.
#.......# #.#........#[
#......†# #.#......#.#.


You could see a seven-headed hydra and a hound zombie.

Vanquished Creatures
  The ghost of kyurah the Fighter, a novice KoBe of Trog (D:7)
  Grinder (D:5)
  Sigmund (D:5)
  A hippogriff (D:7)
  A hungry ghost (D:8)
  Menkaure (D:5)
  A water moccasin (D:7)
  2 sky beasts
  A black bear (D:5)
  An ice beast (D:7)
  4 ogres
  A centaur (D:6)
  A crocodile (D:7)
  Blork the orc (D:5)
  5 giant frogs
  A big kobold (D:6)
  A scorpion (D:4)
  4 howler monkeys (D:7)
  A centaur zombie (D:6)
  2 crimson imps
  A quasit (D:8)
  Crazy Yiuf (D:3)
  2 jellies
  6 hounds
  3 orc wizards
  2 iguanas
  Terence (D:2)
  2 worker ants (D:6)
  Robin (D:1)
  2 worker ant zombies
  9 adders
  A shadow imp (D:5)
  An ooze (D:1)
  6 worms
  2 dart slugs (D:1)
  11 giant geckos
  14 orcs
  8 giant cockroaches
  14 goblins
  19 hobgoblins
  7 jackals
  3 quokkas
  2 ball pythons (D:1)
  3 bats
  A giant newt (D:1)
  26 kobolds
  6 rats
186 creatures vanquished.

Notes
Turn   | Place    | Note
--------------------------------------------------------------
     0 | D:1      | sugabear the Vine Stalker Gladiator began the quest for the Orb.
     0 | D:1      | Reached XP level 1. HP: 11/11 MP: 2/2
    96 | D:1      | Reached XP level 2. HP: 13/15 MP: 3/3
   431 | D:2      | Noticed Terence
   479 | D:1      | Reached XP level 3. HP: 13/18 MP: 4/4
   517 | D:2      | Noticed Robin
   580 | D:2      | Killed Terence
   580 | D:2      | Reached XP level 4. HP: 15/23 MP: 3/5
   731 | D:1      | Killed Robin
  1296 | D:3      | Noticed Crazy Yiuf
  1304 | D:3      | Killed Crazy Yiuf
  1304 | D:3      | Reached skill level 1 in Armour
  1304 | D:3      | Reached XP level 5. HP: 27/27 MP: 6/6
  1468 | D:3      | Found a bloodstained altar of Trog.
  1896 | D:4      | Gained mutation: You heal very quickly. [Vine Stalker growth]
  1896 | D:4      | Reached XP level 6. HP: 29/32 MP: 5/7
  1911 | D:4      | Found a burning altar of Makhleb.
  1928 | D:4      | Got a polished leather armour
  1939 | D:4      | Identified the cursed +0 leather armour of Abstinence {rC+ Str+3} (You found it on level 4 of the Dungeon)
  2496 | D:5      | Entered Level 5 of the Dungeon
  2496 | D:5      | Noticed a sky beast
  2496 | D:5      | Noticed a black bear
  2604 | D:5      | Noticed Sigmund
  2607 | D:5      | Noticed Menkaure
  2664 | D:5      | Killed Sigmund
  2664 | D:5      | Reached XP level 7. HP: 12/36 MP: 8/8
  2885 | D:5      | Noticed Blork the orc
  2900 | D:5      | Killed Blork the orc
  2933 | D:5      | Gained mutation: You have razor-sharp teeth. [Vine Stalker growth]
  2933 | D:5      | Reached XP level 8. HP: 21/42 MP: 9/9
  3140 | D:5      | Killed Menkaure
  3140 | D:5      | Reached skill level 5 in Maces & Flails
  3140 | D:5      | Reached skill level 5 in Dodging
  3182 | D:5      | Noticed Grinder
  3187 | D:5      | Killed Grinder
  3269 | D:5      | Found a radiant altar of Vehumet.
  3686 | D:6      | Found a shimmering altar of Xom.
  3941 | D:6      | Reached XP level 9. HP: 39/46 MP: 7/10
  4465 | D:6      | Found a radiant altar of Vehumet.
  4784 | D:7      | Reached skill level 5 in Fighting
  4842 | D:7      | Noticed kyurah's ghost (novice KoBe)
  4873 | D:7      | Killed kyurah's ghost
  4937 | D:7      | Found a staircase to the Ecumenical Temple.
  4971 | Temple   | Entered the Ecumenical Temple
  5381 | D:7      | Found a stormy altar of Qazlal.
  5392 | D:7      | Became a worshipper of Qazlal Stormbringer
  5560 | D:7      | Reached skill level 1 in Invocations
  5711 | D:7      | Reached XP level 10. HP: 51/53 MP: 10/12
  5939 | D:8      | Gained mutation: Your magical capacity is low (-10% MP). [mutagenic meat]
  5940 | D:8      | Gained mutation: You have supernaturally acute eyesight. [mutagenic meat]
  5941 | D:8      | Gained mutation: You occasionally shout uncontrollably at your foes. [mutagenic meat]
  5942 | D:8      | Gained mutation: You evolve. [mutagenic meat]
  6050 | D:8      | Noticed a seven-headed hydra
  6076 | D:8      | HP: 1/53 [seven-headed hydra (7)]
  6076 | D:8      | Slain by a seven-headed hydra

Vault maps used:
D:1:      scummos_arrival_checkerplants
D:2:      amethyst_killhole, uniq_terence, uniq_robin
D:3:      lemuel_crystal_altar, first_bread, uniq_crazy_yiuf_cottage
D:4:      old_standard_altar, corexii_leaking_fountain
D:5:      vehumet_altar_wand_db, minmay_crystal_water, uniq_menkaure,
          uniq_sigmund, uniq_blork_the_orc, uniq_grinder
D:6:      kennysheep_kobold_camp, gup_sewer_entry_pipe, hangedman_feature_mirror
D:7:      lemuel_round_altar, minmay_temple_entry_statues_fountains,
          minmay_misc_feat_enclosed
D:8:      nicolae_overflow_hidden_temple, gammafunk_temple_overflow_claw,
          cheibriados_altar_1, basic_altar, uniq_erica
Temple:   jpeg_temple_alley_garden_8

Skill      XL: |  1  2  3  4  5  6  7  8  9 10 |
---------------+-------------------------------+-----
Fighting       | 2 3 4 5 |  5.8
Maces & Flails | 3 4 5 6 7 |  7.2
Throwing       | 2 |  2.5
Dodging        | 3 4 6 7 |  7.6
Armour         | 1 2 3 4 |  4.2
Invocations    | 1 2 |  2.2

Action                   |  1- 3 |  4- 6 |  7- 9 | 10-12 || total
-------------------------+-------+-------+-------+-------++-------
Melee: Flail             |    70 |   183 |   236 |       ||   489
       Great mace        |       |       |    38 |    42 ||    80
Throw: Throwing net      |       |     3 |       |       ||     3
       Javelin           |       |       |     7 |       ||     7
 Stab: Held in net/web   |       |     3 |       |       ||     3
       Sleeping          |       |       |     1 |       ||     1
  Eat: Chunk             |       |     5 |    11 |     4 ||    20
       Meat ration       |       |       |       |     1 ||     1
